[Event "*** Titled Tuesday Blitz"]
[Site "Chess.com"]
[Date "2019.02.05"]
[Round "9"]
[White "r31415"]
[Black "Vulcanochess"]
[Result "0-1"]
[WhiteElo "2296"]
[BlackElo "2338"]
[TimeControl "180+2"]
[EndTime "15:14:31 PST"]
[Termination "Vulcanochess won by checkmate"]

1. e4 c5 2. Nf3 Nc6 3. d4 cxd4 4. Nxd4 Nf6 5. Nc3 e6 6. Ndb5 Bc5 7. Nd6+ Ke7 8.
Nxc8+ Rxc8 9. Be2 a6 10. O-O h6 11. Kh1 Re8 12. f4 d6 13. g4 b5 14. Bf3 Kf8 15. Qe1 Nd4 16. Bd1 b4 17. Ne2 Nxe2 18. Qxe2 d5 19. e5 Ne4 20. Be3 Qh4 21. Kg2 a5 22. a3 bxa3 23. Bxc5+ Rxc5 24. Rxa3 Rec8 25. c3 Kg8 26.
Bc2 Rb8 27. Bxe4 dxe4 28. Ra2 Rd5 29. Rd1 Rbd8 30. Rxd5 Rxd5 31. Ra4 e3 32. Rd4 Rxd4 33. cxd4 h5 34. h3 a4 35. Qf3 hxg4 36. hxg4 Qe1 37. Qa8+ Kh7 38. Qe4+ g6 39. f5 Qf2+ 40. Kh3 e2 41. fxg6+ fxg6 42. Qb7+ Kh6 43. g5+ Kxg5 44. Qe7+ Kf4 45. Qf8+ Ke3 46. Qa3+ Ke4 47. Qxa4 Qf3+ 48.
Kh4 e1=Q+ 49. Kg5 Qf5+ 50. Kh6 Qh4+ 51. Kg7 Qe7+ 52. Kh6 Qh5# 0-1

[Event "*** Titled Tuesday Blitz"]
[Site "Chess.com"]
[Date "2019.02.05"]
[Round "9"]
[White "charly871"]
[Black "j2806"]
[Result "0-1"]
[WhiteElo "1839"]
[BlackElo "1813"]
[TimeControl "180+2"]
[EndTime "15:14:35 PST"]
[Termination "j2806 won by checkmate"]

1. d4 Nf6 2. c4 e6 3. Nf3 d5 4. g3 Be7 5. Bg2 b6 6. Nbd2 Bb7 7. O-O O-O 8. Qc2 c5 9. b3 Nc6 10. Bb2 Rc8 11. Rad1 dxc4 12. Nxc4 cxd4 13. Nxd4 Qc7 14. Nb5 Qb8 15. Be5 Nxe5 16. Bxb7 Qxb7 17. Qb2 Nxc4 18.
bxc4 Rxc4 19. Qb3 Rb4 20. Qd3 Nd5 21. a4 Rc8 22. e4 Nf6 23. e5 Nd5 24. Nd6 Bxd6 25.
exd6 Rxa4 26. Qb3 Rac4 27. Ra1 R4c6 28. Qa3 a5 29. Rac1 Qd7 30. Rxc6 Rxc6 31. Rb1 Qxd6 32.
Qd3 Qc5 33. Qa6 Nb4 34. Qa8+ Qf8 35. Qb7 Qc8 36. Qe7 Rc1+ 37. Rxc1 Qxc1+ 38. Kg2 Qc6+ 39. Kg1 h6 40. h4 Qc5 41. Qe8+ Qf8 42. Qb5 Qb8 43.
h5 Kh7 44. g4 Qd6 45. Qe8 Qc7 46. Qb5 Qc6 47. Qe5 a4 48. Qf4 Nd5 49. Qxf7 a3 50. Qg6+ Kh8 51. g5 a2 52. gxh6 a1=Q+ 53. Kg2 gxh6 54.
Qxh6+ Kg8 55. Kh2 Qe5+ 56. f4 Qxf4+ 57. Qxf4 Nxf4 58. Kg3 e5 59. h6 Qg2+ 60. Kh4 Qh2+ 61. Kg5 e4 62. h7+ Kxh7 63. Kg4 Qg2+ 64. Kf5 e3 65.
Kf6 e2 66. Kf7 e1=Q 67. Kf8 Qg5 68. Kf7 Qe6+ 69. Kf8 Qg7# 0-1

[Event "*** Titled Tuesday Blitz"]
[Site "Chess.com"]
[Date "2019.02.05"]
[Round "9"]
[White "AlexTriapishko"]
[Black "Didici"]
[Result "1-0"]
[WhiteElo "2775"]
[BlackElo "2589"]
[TimeControl "180+2"]
[EndTime "15:14:39 PST"]
[Termination "AlexTriapishko won by resignation"]

1. d4 f5 2. Nc3 d5 3. Bg5 c6 4. e3 g6 5. h4 Nh6 6. Nf3 Nf7 7. h5 Bg7 8. Bf4 Nd7 9. h6 Bf6 10. g4 fxg4 11. Nh2 e5 12. dxe5 Ndxe5 13. Be2 O-O 14. Nxg4 Nxg4 15. Bxg4 Bxg4 16. Qxg4 Qa5 17. O-O Bxc3 18.
bxc3 Qxc3 19. a4 b6 20. a5 b5 21. a6 Qf6 22. Ra3 Rae8 23. Kg2 Ne5 24. Qg3 Nc4 25. Rd3 Qf5 26. Kg1 Kh8 27. Rb1 g5 28. Bxg5 Ne5 29. f4 Nxd3 30. cxd3 Rg8 31. Rc1 Rg6 32.
e4 dxe4 33. dxe4 Qxe4 34. Qc3+ Kg8 35. Qb3+ Qe6 36. Qb2 Qe3+ 37. Kh1 Qf3+ 38. Qg2 Qxg2+ 39. Kxg2 Kf7 40. Kf3 Rge6 41. Rd1 R6e7 42. Bxe7 Rxe7 43. Rd8 c5 44. Rb8 b4 45. f5 Kf6 46. Kf4 Kf7 47.
Kg5 Rd7 48. Rh8 b3 49. Rxh7+ Kf8 50. Rxd7 b2 51. Rb7 c4 1-0

[Event "*** Titled Tuesday Blitz"]
[Site "Chess.com"]
[Date "2019.02.05"]
[Round "9"]
[White "Witik"]
[Black "fm_magua"]
[Result "1/2-1/2"]
[WhiteElo "2646"]
[BlackElo "2417"]
[TimeControl "180+2"]
[EndTime "15:14:40 PST"]
[Termination "Game drawn by agreement"]

1. d4 Nf6 2. c4 g6 3. Nc3 Bg7 4. e4 d6 5. f3 O-O 6. Be3 c5 7. Nge2 b6 8. d5 e6 9. Ng3 exd5 10. cxd5 a6 11. a4 Nbd7 12. Be2 Ne5 13. O-O Bd7 14. h3 b5 15. f4 Nc4 16. Bxc4 bxc4 17. e5 Ne8 18. Nge4 dxe5 19. Bxc5 f5 20. Ng5 exf4 21.
Bxf8 Bxf8 22. Ne6 Bxe6 23. dxe6 Qb6+ 24. Kh1 Qxe6 25. Rxf4 Rb8 26. Qd5 Qxd5 27. Nxd5 Nd6 28. Nf6+ Kf7 29. Nd7 Rxb2 30. Ne5+ Ke6 31. Nxc4 Rb4 32.
Re1+ Kf6 33. Rc1 Bh6 34. Rd4 Bxc1 35. Rxd6+ Ke7 36. Rc6 Bf4 37. g4 fxg4 38. hxg4 Kd7 39. Rc5 Bd6 40. Nxd6 Kxd6 41. Ra5 Rxg4 42. Rxa6+ Kc5 43.
Ra7 h5 44. a5 Kc6 45. a6 Kb6 46. Ra8 g5 47. Kh2 Ra4 48. Rg8 Ra5 49. Rg6+ Ka7 50.
Kg3 Ra3+ 51. Kg2 g4 52. Rg5 Rh3 53. Rg6 Rc3 54. Rg5 Rh3 55. Rg6 Ra3 56. Rg5 1/2-1/2

[Event "*** Titled Tuesday Blitz"]
[Site "Chess.com"]
[Date "2019.02.05"]
[Round "9"]
[White "Bigfish1995"]
[Black "leoo2001"]
[Result "0-1"]
[WhiteElo "2958"]
[BlackElo "2806"]
[TimeControl "180+2"]
[EndTime "15:14:58 PST"]
[Termination "leoo2001 won on time"]

1. e4 e5 2. Nf3 Nc6 3. Bb5 Nf6 4. d3 Bc5 5. Nc3 Nd4 6. Bc4 d6 7. h3 c6 8. Be3 b5 9. Bb3 a5 10. a4 Nxb3 11. cxb3 Bxe3 12. fxe3 b4 13. Ne2 Qb6 14. Kf2 O-O 15. Qc2 Nd7 16. Ng3 g6 17. Rac1 Bb7 18.
Rhe1 c5 19. Kg1 Rac8 20. Nd2 Qc7 21. Rf1 Nb6 22. Nc4 Nxc4 23. bxc4 Qe7 24. Rf2 Bc6 25.
Kh2 Bd7 26. Rcf1 f6 27. b3 Rf7 28. Qd1 Rcf8 29. d4 h5 30. Rd2 h4 31. Ne2 Bc6 32.
d5 Bd7 33. Ng1 f5 34. exf5 Rxf5 35. Rxf5 Rxf5 36. Qe1 e4 37. Kh1 Qf6 38. Rd1 g5 39. Ne2 Kg7 40. Kg1 Qb2 41. Rb1 Qf6 42. Rd1 Be8 43.
Rd2 Bh5 44. g4 Rf3 45. gxh5 Rxh3 46. Nf4 gxf4 47. Rg2+ Rg3 48. exf4 Qxf4 49. Rxg3+ hxg3 50. Kg2 Qf3+ 51. Kh3 g2+ 52. Kh2 e3 53. Qh4 Kh6 54.
Qe7 g1=Q+ 55. Kxg1 e2 56. Qxd6+ Kxh5 57. Qe5+ Kg4 58.
Qe6+ Kf4 59. Qf6+ Ke4 60. Qh4+ Kd3 61. Qe1 Qg4+ 62. Kh2 Ke3 63. d6 Kf3 0-1

[Event "*** Titled Tuesday Blitz"]
[Site "Chess.com"]
[Date "2019.02.05"]
[Round "9"]
[White "x-5963514717"]
[Black "ruvat"]
[Result "0-1"]
[WhiteElo "2444"]
[BlackElo "2317"]
[TimeControl "180+2"]
[EndTime "15:14:59 PST"]
[Termination "ruvat won by checkmate"]

1. Nf3 d6 2. d4 g6 3. g3 Bg7 4.
Bg2 Nf6 5. O-O O-O 6. Nc3 Nbd7 7.
e4 e5 8. Re1 b6 9. a4 a6 10. Bg5 Bb7 11. Qd2 Re8 12. Rad1 exd4 13. Nxd4 Qb8 14. Qf4 Nh5 15. Qd2 Nhf6 16. Nd5 Nxd5 17. exd5 Nf6 18. Nc6 Bxc6 19. dxc6 Rxe1+ 20. Rxe1 Qf8 21. Bf1 a5 22. Bh3 Re8 23. Bd7 Rxe1+ 24.
Qxe1 h6 25. Bd2 Qd8 26. Bh3 Nh7 27. Bd7 Nf8 28. Bh3 Nh7 29. Bc3 Bxc3 30. Qxc3 Qf6 31. Qe3 Ng5 32. Bf1 Qe5 33. Qb3 Kg7 34. Bd3 Nf3+ 35.
Kg2 Ne1+ 36. Kf1 Nxd3 37. cxd3 h5 38. h4 Qc5 39. Qc3+ Qxc3 40. bxc3 d5 41. Ke2 Kf6 42. Ke3 Ke5 43. d4+ Kd6 44. Kf4 Kxc6 45. Ke5 b5 46. axb5+ Kxb5 47. Kxd5 a4 48. c4+ Kb4 49. c5 a3 50. Kc6 a2 51. Kxc7 Kc4 52. c6 Kxd4 53. Kd8 a1=Q 54. c7 Qa5 55. Kd7 Qd5+ 56. Ke8 Qc6+ 57.
Kxf7 Qxc7+ 58. Kxg6 Ke4 59. Kxh5 Qe5+ 60. Kg4 Qf5# 0-1

[Event "*** Titled Tuesday Blitz"]
[Site "Chess.com"]
[Date "2019.02.05"]
[Round "9"]
[White "StanislavNovikov"]
[Black "Peng_Li-Min"]
[Result "1/2-1/2"]
[WhiteElo "2685"]
[BlackElo "2693"]
[TimeControl "180+2"]
[EndTime "15:15:07 PST"]
[Termination "Game drawn by agreement"]

1. g3 Nf6 2. Bg2 d5 3. d3 g6 4. Nd2 Bg7 5. Ngf3 O-O 6. O-O c5 7. e4 e6 8. Re1 Nc6 9. c3 a5 10.
a4 b6 11. exd5 exd5 12. Nb1 Ba6 13. Na3 Rc8 14. Nb5 d4 15. c4 Nb4 16. Ne5 Nd7 17. Bf4 Nxe5 18. Bxe5 Bxe5 19. Rxe5 Bxb5 20. axb5 Qf6 21.
Re2 Rfe8 22. Qd2 Rxe2 23. Qxe2 Qe6 24. Qxe6 fxe6 25. Be4 Kf7 26. Kf1 Ke7 27. Ke2 Kd6 28. h4 Ke7 29. h5 Kf6 30. Rh1 Kg7 31. Rh4 Rf8 32. Rg4 Rf6 33. hxg6 hxg6 34. Rh4 Rf8 35. f4 Nc2 36. Rg4 Rf6 37. Rh4 Ne3 38. Kf3 e5 39. Ke2 exf4 40. gxf4 Rf8 41. Bf3 Nf5 42. Rh2 Nd6 43.
Rh4 Kf6 44. Kf2 Re8 45. Rh7 Re3 46. Rd7 Ke6 47. Bg4+ Nf5 48. Rb7 Rxd3 49. Rxb6+ Ke7 50. Bxf5 gxf5 51. Rc6 Rd2+ 52. Ke1 Rxb2 53. Rxc5 a4 54. Rc7+ Kd6 55. Rc6+ Kd7 56. Ra6 Rb4 57. c5 a3 58.
Rxa3 Rxb5 59. Ra4 Rxc5 60. Rxd4+ Ke6 61. Kd2 Rb5 62. Kc3 1/2-1/2

[Event "*** Titled Tuesday Blitz"]
[Site "Chess.com"]
[Date "2019.02.05"]
[Round "9"]
[White "Kostya_Nikologorskiy"]
[Black "Entilza"]
[Result "1-0"]
[WhiteElo "2434"]
[BlackElo "2215"]
[TimeControl "180+2"]
[EndTime "15:15:08 PST"]
[Termination "Kostya_Nikologorskiy won on time"]

1. e4 c6 2. d4 d5 3. Nc3 dxe4 4.
Nxe4 Bf5 5. Ng3 Bg6 6. Bc4 Nd7 7.
N1e2 e6 8. h4 h6 9. Nf4 Bh7 10.
O-O Ngf6 11. Re1 Be7 12. Bxe6 fxe6 13. Nxe6 Qb6 14. Nxg7+ Kf7 15. N7f5 Bxf5 16. Nxf5 Bf8 17. Qe2 Re8 18. Qc4+ Nd5 19. Rxe8 Kxe8 20. Qe2+ Kd8 21. c4 N5f6 22. Bf4 c5 23. d5 Ne8 24. Re1 Nd6 25.
Nxh6 Bxh6 26. Qe7+ Kc7 27. Bxh6 Rxh6 28. Re6 Rh8 29. b3 Re8 30. Qh7 Qa5 31. Kh2 Qd2 32. Rxe8 Nxe8 33. Qf5 Nd6 34. Qf3 Qd4 35. g3 Ne5 36.
Qf8 Ng4+ 37. Kg2 Qe4+ 38. Kh3 Ne5 39. Kh2 Nf3+ 40. Kh3 Ng1+ 41. Kh2 Nf3+ 42. Kh3 Nd4 43. h5 N4f5 44. Kh2 Qg4 45. Qh8 Qf3 46. Kg1 a5 47. h6 Ne4 48. Qe5+ Kb6 49. Qf4 Qxf4 50. gxf4 Nxh6 51.
Kg2 1-0

[Event "*** Titled Tuesday Blitz"]
[Site "Chess.com"]
[Date "2019.02.05"]
[Round "9"]
[White "Fins0905"]
[Black "Alexander_Donchenko"]
[Result "1-0"]
[WhiteElo "2653"]
[BlackElo "2674"]
[TimeControl "180+2"]
[EndTime "15:15:12 PST"]
[Termination "Fins0905 won by resignation"]

1. d4 Nf6 2. c4 e6 3. Nf3 c5 4. d5 d6 5. Nc3 exd5 6. cxd5 g6 7.
Bf4 Bg7 8. h3 O-O 9. e3 Na6 10.
Be2 Nc7 11. a4 a6 12. O-O Rb8 13. a5 Re8 14. Bh2 b5 15. axb6 Rxb6 16. Nd2 Rb4 17. Nc4 Bf8 18. Qd2 Ne4 19. Nxe4 Rxe4 20. Rac1 Bb7 21. Na5 Bxd5 22. Bf3 Qf6 23. Bxe4 Bxe4 24.
Nc4 Bd5 25. Qd3 Qe6 26. b3 Ne8 27. Rfd1 Nf6 28. f3 Bh6 29. e4 Bxc4 30. Rxc4 Rb8 31.
Qxd6 Qxd6 32. Rxd6 Ne8 33. Rd3 Rb5 34. Rd8 Kf8 35.
Bd6+ Kg7 36. Rxe8 Bg5 37. Bxc5 Rxc5 38. Rxc5 Be3+ 39. Kf1 Bxc5 40. Rc8 Bb4 41. Rc6 a5 42. Ke2 h5 43. f4 h4 44. Kf3 Kh6 45. e5 Kg7 46.
Ke4 Bd2 47. f5 gxf5+ 48. Kxf5 Be1 49. Rc7 Kg8 50. Ra7 Bc3 51. Rc7 Bd4 52. Rc4 Bf2 53. Kg5 Bg3 54. Rxh4 Bxe5 55. Kf5 Bc3 56. Rc4 Bd2 57. h4 Kg7 58. g4 Be1 59. g5 Bf2 60.
h5 Bg3 61. Rd4 Bf2 62. Rd7 Kg8 63. g6 fxg6+ 64. Kxg6 Kf8 65. h6 Be1 66. h7 Bc3 67. Rd8+ Ke7 68. h8=Q Bxh8 69. Rxh8 Kd6 70. Ra8 Kc5 71.
Rxa5+ Kb4 72. Re5 Kxb3 73. Kf6 1-0

[Event "*** Titled Tuesday Blitz"]
[Site "Chess.com"]
[Date "2019.02.05"]
[Round "9"]
[White "Veiso"]
[Black "xLuring1"]
[Result "1/2-1/2"]
[WhiteElo "2370"]
[BlackElo "2321"]
[TimeControl "180+2"]
[EndTime "15:15:12 PST"]
[Termination "Game drawn by agreement"]

1. d4 Nf6 2. c4 Nc6 3. Nf3 e6 4. g3 Bb4+ 5. Bd2 Qe7 6. Bg2 O-O 7. O-O Bxd2 8. Qxd2 d6 9. Nc3 e5 10. d5 Nb8 11. e4 a5 12. Ne1 Na6 13. Nd3 Bd7 14. f4 c6 15. Kh1 cxd5 16. cxd5 Rfc8 17. fxe5 dxe5 18. Qg5 Re8 19. Rad1 Nxd5 20. Qxe7 Nxe7 21.
Nxe5 Be6 22. Nd5 Nc6 23. Nxc6 bxc6 24. Nc3 Red8 25. e5 Nb4 26. a3 Nd5 27. Nxd5 cxd5 28. Rd4 a4 29. Rfd1 Rdb8 30. Bxd5 Bxd5+ 31. Rxd5 g6 32. R1d2 Kg7 33. Rd7 Rb6 34. R2d6 Rab8 35. Rxb6 Rxb6 36.
Ra7 Rxb2 37. e6 Rf2 38. Kg1 Rf6 39. exf7 Rxf7 40. Rxa4 Rb7 41. Rb4 Rc7 42. a4 Rc2 43.
h4 Ra2 44. Kf1 Kh6 45. g4 Kg7 46. g5 Kg8 47. Ke1 Kg7 48. Kd1 h6 49. gxh6+ Kxh6 50. Kc1 g5 51. Kb1 Rh2 52. hxg5+ Kxg5 53. a5 Rh8 54.
Kb2 Kf5 55. Kb3 Ke5 56. Ka4 Kd5 57. a6 Kc6 58. Ka5 Rh5+ 59. Ka4 Rh8 60. Rg4 Kb6 61. Rg6+ Ka7 62. Kb5 Rh5+ 63. Kc6 Kxa6 64. Kc7+ Kb5 1/2-1/2

[Event "*** Titled Tuesday Blitz"]
[Site "Chess.com"]
[Date "2019.02.05"]
[Round "9"]
[White "TristanCalistri"]
[Black "INLOVEWITHF"]
[Result "1-0"]
[WhiteElo "2245"]
[BlackElo "2276"]
[TimeControl "180+2"]
[EndTime "15:15:13 PST"]
[Termination "TristanCalistri won by resignation"]

1. e4 e5 2. Nf3 Nc6 3. Bc4 Nf6 4. d3 h6 5. c3 d6 6. O-O g5 7. Ne1 Bg7 8. Be3 O-O 9. Nd2 d5 10. exd5 Nxd5 11. Nc2 Nb6 12. Bb5 Be6 13. d4 exd4 14. cxd4 Ne7 15. Ne4 c6 16. Be2 Bc4 17. Nc5 Bxe2 18.
Qxe2 Qc7 19. f4 Ned5 20. fxg5 Rfe8 21. Qd3 Nxe3 22. Nxe3 hxg5 23. Nf5 Nd5 24. Qh3 b6 25. Nd3 Re3 26. Nxe3 Bxd4 27. Rae1 Re8 28. Rf3 Qe7 29. Kh1 Bxe3 30. Qg4 f6 31. h4 Qh7 32. Rh3 Qxd3 33. hxg5 fxg5 34. Qh5 Re7 35. Qh8+ Kf7 36. Rh7+ Ke6 37.
Qc8+ Kd6 38. Rh6+ Kc5 39. Qxc6+ Kd4 40. Rh3 Nf4 41. Qa4+ Kd5 42. Rd1 Bd2 43. Rxd3+ Nxd3 44. Rxd2 Re3 45. Qa3 Ke4 46. Rxd3 Rxd3 47. Qxa7 g4 48. Qe7+ Kd4 49. Qf6+ Kc4 50. g3 Rxg3 51. Qxb6 Rd3 52. Qc6+ Kd4 53. Qd6+ Ke3 54. Qg3+ Kd2 55. Qxg4 Kc2 56.
Qc4+ Kd2 57. a4 Re3 58. Qc3+ Rxc3 59. bxc3 1-0

[Event "*** Titled Tuesday Blitz"]
[Site "Chess.com"]
[Date "2019.02.05"]
[Round "9"]
[White "hurricane7791"]
[Black "ElGasanov"]
[Result "1-0"]
[WhiteElo "2688"]
[BlackElo "2714"]
[TimeControl "180+2"]
[EndTime "15:15:15 PST"]
[Termination "hurricane7791 won by resignation"]

1. d4 f5 2. c4 Nf6 3. Nc3 e6 4. Qc2 g6 5. Bg5 h6 6. Bf4 Bg7 7.
h3 O-O 8. e3 d6 9. Bh2 Qe7 10.
Nf3 Nbd7 11. O-O-O e5 12. Be2 c6 13. Rhg1 e4 14.
Nd2 d5 15. g4 fxg4 16. hxg4 g5 17. cxd5 cxd5 18. Nb5 Ne8 19. Kb1 Rxf2 20. Nf1 Ndf6 21. Nc3 Bxg4 22. Nxd5 Nxd5 23. Rxg4 Nef6 24. Rg1 Qd7 25.
Bg3 Rc8 26. Qd2 Rf5 27. Be1 g4 28. Bh4 h5 29. Ng3 Bh6 30. Nxf5 Qxf5 31. Bxf6 Qxf6 32. Bxg4 hxg4 33. Rxg4+ Bg7 34. Rdg1 Rc7 35. Rg5 Qc6 36. Qg2 Qd7 37. Qxe4 Nf6 38. Qf4 Qd8 39. a3 Rf7 40.
Rg6 Qe7 41. Ka1 Kh7 42. Qh2+ Kg8 43. Rh1 Kf8 44. Qh8+ Ng8 45. Qh3 Qd7 46. Qg3 Ne7 47. Rg5 Nc6 48. Rg1 Qe7 49. Qg4 a6 50. Qc8+ Nd8 51. Rd5 Ke8 52. Rc1 Bf6 53. Qh3 Qe4 54. Rf5 Ne6 55. Rcf1 Ke7 56. Qh6 Qd3 57. Rxf6 Qxf1+ 58.
Rxf1 Rxf1+ 59. Ka2 Rf6 60. Qh7+ Rf7 61. Qe4 Kd6 62.
Qe5+ Kd7 63. e4 Nc7 64. d5 Re7 65. Qf5+ Kd6 66. Qf6+ Kd7 67. e5 1-0

[Event "*** Titled Tuesday Blitz"]
[Site "Chess.com"]
[Date "2019.02.05"]
[Round "9"]
[White "flomarechot"]
[Black "Chess2019Player"]
[Result "0-1"]
[WhiteElo "2068"]
[BlackElo "2073"]
[TimeControl "180+2"]
[EndTime "15:15:16 PST"]
[Termination "Chess2019Player won by checkmate"]

1. d4 Nf6 2. c4 c5 3. d5 e6 4. Nc3 exd5 5. cxd5 d6 6. g3 g6 7. Bg2 Bg7 8. Nf3 O-O 9. O-O a6 10. a4 Re8 11. Nd2 Nbd7 12. h3 Ne5 13. f4 Ned7 14.
Nc4 Qe7 15. e4 Rb8 16. Re1 b5 17. Na5 Bb7 18. e5 b4 19. Ne2 dxe5 20. Nxb7 Rxb7 21. d6 Qe6 22. Bxb7 exf4 23. Bxf4 Qxh3 24. Bg2 Qh5 25. Nc1 Rxe1+ 26. Qxe1 Ng4 27. Qe8+ Nf8 28. Ne2 Nf6 29. Qe7 Ne6 30. d7 Nxd7 31. Qxd7 Qxe2 32. Qe8+ Bf8 33.
Rf1 Nxf4 34. Qxe2 Nxe2+ 35. Kf2 Nd4 36. Bd5 Bd6 37. Kg2 Ne6 38. Rd1 Be5 39. b3 Nd4 40.
Rf1 Nf5 41. Re1 Bxg3 42. Re8+ Kg7 43. Ra8 Be5 44. Kf3 Ne7 45. Bc4 h5 46. Rxa6 g5 47. Ra7 g4+ 48. Kg2 Kf6 49. a5 h4 50. Ra6+ Kg5 51.
Bxf7 h3+ 52. Kg1 g3 53. Re6 Bd4+ 54. Kf1 g2+ 55. Ke2 g1=Q 56. Rxe7 Qf2+ 57. Kd3 Qf5+ 58.
Kc4 Qf1+ 59. Kd5 h2 60. a6 h1=Q+ 61. Kd6 Qxa6+ 62. Kd7 Qhc6+ 63. Kd8 Qac8# 0-1

[Event "*** Titled Tuesday Blitz"]
[Site "Chess.com"]
[Date "2019.02.05"]
[Round "9"]
[White "MasterKroket"]
[Black "26andrej26"]
[Result "1-0"]
[WhiteElo "2400"]
[BlackElo "2413"]
[TimeControl "180+2"]
[EndTime "15:15:19 PST"]
[Termination "MasterKroket won by checkmate"]

1. d4 Nf6 2. c4 g6 3. Nc3 Bg7 4.
e4 d6 5. Nf3 O-O 6. Be2 e5 7.
d5 a5 8. Bg5 h6 9. Bh4 Na6 10.
O-O Qe8 11. Nd2 Nh7 12. a3 Bd7 13. Rb1 a4 14. b4 axb3 15. Nxb3 b6 16. Bg4 f5 17. exf5 gxf5 18. Bh5 Qc8 19. Be7 Rf7 20. Bxf7+ Kxf7 21. Bh4 f4 22. f3 Bf5 23. Ne4 Qd7 24.
Nbd2 Rg8 25. Kh1 Bf8 26. Rb5 Ng5 27. Qa4 Nc5 28. Nxc5 bxc5 29. Qa7 Be7 30. Rb8 Bd8 31. Qb7 Qa4 32. Qb3 Qd7 33. Qb5 Qe7 34. a4 Qf6 35.
a5 Qg6 36. a6 Nh3 37. g3 Bxh4 38.
Rxg8 Qxg8 39. gxh4 Bd3 40. Qd7+ Kf6 41. Qe6+ Qxe6 42. dxe6 Bxf1 43. a7 Bd3 44. a8=Q Nf2+ 45. Kg1 Nh3+ 46. Kg2 Bf5 47. Qf8+ Kxe6 48. Ne4 Bxe4 49.
fxe4 f3+ 50. Kxf3 Nf4 51. Qe8+ Kf6 52. Qd8+ Ke6 53. Qxc7 h5 54. Qc8+ Ke7 55. Qc7+ Ke6 56. Qh7 Kf6 57. Qf5+ Ke7 58. Ke3 Kd8 59. Kd2 Ke7 60. Kc3 Kd8 61. Kb3 Kc7 62. Ka4 Kc6 63. Qc8+ Kb6 64. Qd8+ Kc6 65. Ka5 Nd3 66. Qc8# 1-0

[Event "*** Titled Tuesday Blitz"]
[Site "Chess.com"]
[Date "2019.02.05"]
[Round "9"]
[White "RiskyDecision"]
[Black "ZeroRealtorFade"]
[Result "1-0"]
[WhiteElo "2397"]
[BlackElo "2245"]
[TimeControl "180+2"]
[EndTime "15:15:20 PST"]
[Termination "RiskyDecision won by resignation"]

1. d4 Nf6 2. c4 c5 3. d5 b5 4.
Qc2 bxc4 5. e4 d6 6. Bxc4 g6 7. Nc3 Bg7 8. Nf3 O-O 9. O-O Nbd7 10. h3 Nb6 11. Be2 Nfd7 12. Bf4 f6 13. Nd2 Ne5 14. Be3 g5 15. Rfe1 Bd7 16. b3 Qc8 17. Bb5 Ng6 18. Bxd7 Qxd7 19. Nf1 Nh4 20. Ng3 Qe8 21. Rac1 Nd7 22.
Nb5 Qb8 23. Qe2 Ne5 24. Nf5 Nxf5 25. exf5 a6 26. Na3 Qc8 27. g4 h5 28. Bd2 hxg4 29.
hxg4 Kf7 30. Kg2 Qb7 31. Qe4 Rh8 32. Rh1 Rh4 33. Rxh4 gxh4 34. Kh3 Rh8 35. f4 Nd7 36. Nc4 Nb8 37. Re1 Qd7 38. g5 fxg5 39. fxg5 Rf8 40.
Nb6 Qb7 41. Qe6+ Ke8 42. Nc8 Kd8 43. Nxe7 Be5 44. f6 Kc7 45. Rxe5 dxe5 46. Qxe5+ Kb6 47. Qe6+ Ka7 48. g6 Qb5 49. g7 Qf1+ 50. Kg4 Rxf6 51. Nc8+ Kb7 52. Nd6+ Ka8 53. Qxf6 Qxf6 54. g8=Q Qxd6 55.
Bf4 Qd7+ 56. Kxh4 Qb7 57. Kg4 Ka7 58. Qxb8+ Qxb8 59. Bxb8+ Kxb8 60. Kf5 Kc7 61. Ke6 1-0

[Event "*** Titled Tuesday Blitz"]
[Site "Chess.com"]
[Date "2019.02.05"]
[Round "9"]
[White "Vugar_Manafov"]
[Black "TheBigBadChessDad"]
[Result "1/2-1/2"]
[WhiteElo "2360"]
[BlackElo "2289"]
[TimeControl "180+2"]
[EndTime "15:15:26 PST"]
[Termination "Game drawn by agreement"]

1. Nf3 d5 2. g3 c6 3. Bg2 g6 4. O-O Bg7 5. d3 e5 6. Nc3 Ne7 7. e4 d4 8. Ne2 O-O 9. Nd2 c5 10.
f4 f6 11. h3 Nbc6 12. g4 g5 13. f5 a6 14. a4 b6 15. h4 h6 16. hxg5 hxg5 17.
Nf3 Bh6 18. Kf2 Kf7 19. Rh1 Rh8 20. Rh5 Ng8 21. Qh1 Qf8 22. Ng3 Bd7 23. Nxg5+ fxg5 24. Bxg5 Qg7 25. Bxh6 Rxh6 26. g5 Rxh5 27. Qxh5+ Kf8 28. f6 Qf7 29. Qh8 Bg4 30. Rf1 b5 31. Kg1 bxa4 32.
g6 Qxg6 33. f7 Ke7 34. fxg8=N+ Rxg8 35. Qh4+ Kd7 36. Rf6 Qg7 37. Rh6 Kc8 38. Rh7 Qg5 39. Qxg5 Rxg5 40. Kf2 Bd1 41. Bh3+ Kb8 42. Bd7 Nb4 43.
Bxa4 Bxc2 44. Bxc2 Nxc2 45. Nf5 Nb4 46. Nd6 Nxd3+ 47.
Ke2 Nf4+ 48. Kf3 Rg6 49. Rb7+ Ka8 50. Rb6 Ka7 51. Nc8+ Ka8 52. Nd6 Rxd6 53. Rxd6 Kb7 54. b3 a5 55. Kf2 a4 56. bxa4 c4 57. Ke1 c3 58. a5 d3 59. a6+ Ka7 60. Kd1 c2+ 61.
Kd2 Ne2 62. Rc6 c1=Q+ 63. Rxc1 Nxc1 64. Kxc1 Kxa6 65. Kd2 Kb5 66. Kxd3 Kb4 67. Kd2 Kc4 68. Ke2 Kd4 69. Kf3 Kd3 70. Kf2 Kxe4 71. Ke2 Kd4 72. Kd2 Ke4 73. Ke2 Kf4 74. Kf2 Ke4 75. Ke2 Kd4 76.
Kd2 e4 77. Ke2 Ke5 78. Ke3 Kd5 79. Ke2 Kd4 80. Kd2 e3+ 81. Ke2 Ke4 82. Ke1 Kd4 83. Ke2 Ke4 84. Ke1 Kf4 85. Ke2 Ke4 86. Ke1 Kf3 87.
Kf1 Ke4 88. Ke2 Kd4 89. Ke1 Kd3 90. Kd1 Ke4 91. Ke2 Kf4 92. Ke1 Kf3 93. Kf1 Ke4 94. Ke2 Kd4 95. Ke1 Kd3 96. Kd1 1/2-1/2

[Event "*** Titled Tuesday Blitz"]
[Site "Chess.com"]
[Date "2019.02.05"]
[Round "9"]
[White "Babas"]
[Black "scaryninja"]
[Result "1-0"]
[WhiteElo "2328"]
[BlackElo "2404"]
[TimeControl "180+2"]
[EndTime "15:15:29 PST"]
[Termination "Babas won by resignation"]

1. e4 c5 2. Nf3 d6 3. d4 cxd4 4. Nxd4 Nf6 5. Nc3 a6 6. Bg5 e6 7. f4 Be7 8. Qf3 h6 9. Bxf6 Bxf6 10. O-O-O Qb6 11. Nb3 O-O 12. g4 Nd7 13. h4 Be7 14. g5 a5 15. gxh6 g6 16. h5 g5 17. Qg3 a4 18.
Nd4 a3 19. b3 Qc5 20. Rg1 Kh8 21. fxg5 Qe5 22. Qg2 Rg8 23. g6 Qf4+ 24. Kb1 Qxh6 25. Bd3 Ne5 26. Rdf1 Bd7 27. Qe2 Rac8 28. Ndb5 f6 29.
Nd1 Rc5 30. Nd4 Kg7 31. Ne3 Rgc8 32. Ng4 Nxg4 33. Qxg4 Re5 34. Nf3 Rxh5 35. Nd4 Re5 36. Rh1 Rh8 37. Rxh6 Rxh6 38. Qg3 Rxg6 39. Qe1 d5 40.
Qh4 dxe4 41. Bxe4 Kf7 42. Bxb7 f5 43. Qh2 Bd6 44. Qh7+ Rg7 45. Qh5+ Ke7 46. Nc6+ Bxc6 47. Bxc6 Kd8 48. Qe8+ Kc7 49. Rd1 Rc5 50. Ba4 Rd5 51. Qc6+ Kd8 52. Rh1 Ke7 53. Qe8+ Kf6 54. Qd8+ Be7 55.
Qh8 f4 56. Qh6+ Rg6 57. Qxf4+ Rf5 58. Qd4+ e5 59. Qb6+ Kg5 60. Qb7 Bf6 61. Qf7 e4 62. Rg1+ Kf4 63. Qxg6 e3 64. Bc6 e2 65. Qg2 Ke3 66. Qe4+ Kd2 67. Qxf5 1-0

[Event "*** Titled Tuesday Blitz"]
[Site "Chess.com"]
[Date "2019.02.05"]
[Round "9"]
[White "Alex_Terzi"]
[Black "SuperCheese"]
[Result "1/2-1/2"]
[WhiteElo "2477"]
[BlackElo "2578"]
[TimeControl "180+2"]
[EndTime "15:15:32 PST"]
[Termination "Game drawn - insufficient material"]

1. e4 e6 2. d4 d5 3. e5 c5 4. c3 Nc6 5. Nf3 Qb6 6. a3 c4 7.
Nbd2 Na5 8. Be2 Bd7 9. O-O Ne7 10. Nh4 O-O-O 11. f4 g6 12. g4 Kb8 13. Rb1 Qc7 14. h3 Nc8 15. f5 Be7 16. f6 Bf8 17. Ndf3 Nb6 18. Bf4 Ba4 19. Qd2 Nb3 20. Qe3 Na5 21.
Bd1 Bxd1 22. Rbxd1 Nb3 23. Bh6 Na4 24. Rf2 Qd7 25.
Ng2 Qe8 26. h4 Bxh6 27. Qxh6 Qf8 28. Qxf8 Rdxf8 29. g5 h5 30. gxh6 Rxh6 31. Kh2 Kc7 32. Kg3 Kd7 33. Rh1 Na5 34. Nf4 Nc6 35. Ng5 Nd8 36.
h5 Rg8 37. Kg4 gxh5+ 38. Rxh5 Rxh5 39. Nxh5 Rh8 40. Nh3 b5 41. N3f4 a5 42. Ng2 Nc6 43. Nh4 b4 44. axb4 axb4 45. Rc2 b3 46. Rg2 Nxd4 47.
cxd4 c3 48. bxc3 b2 49. Rg1 Nxc3 50. Nf3 b1=Q 51. Rxb1 Nxb1 52. Ng5 Rf8 53. Nf4 Nc3 54.
Nd3 Nb5 55. Nc5+ Kc6 56. Ncxe6 fxe6 57. Nxe6 Rg8+ 58. Kf5 Rg1 59. f7 Rf1+ 60. Kg6 Rf2 61. Kg7 Kd7 62. f8=Q Rxf8 63. Nxf8+ Ke7 64. Ng6+ Ke6 65.
Nf4+ Kf5 66. Nxd5 Nxd4 67. Ne7+ Kxe5 68. Nc6+ Nxc6 1/2-1/2